 Dungeon Crawl Stone Soup version bcrawl-1.27.1d (webtiles) character file.

Game seed: 4913699834359093877

148614 Freyura the Shield-Bearer (level 5, -1/47 HPs)
             Began as a Gnoll Fighter on July 24, 2020.
             Killed by divine providence
             ... invoked by an orc priest
              (10 damage)
             ... on level 3 of the Dungeon.
             The game lasted 00:05:07 (2169 turns).

Freyura the Shield-Bearer (Gnoll Fighter)           Turns: 2169, Time: 00:05:07

Health: -1/47      AC: 12    Str: 18    XL:     5   Next: 20%
Magic:  7/7        EV:  1    Int: 10    God:
Gold:   254        SH: 15    Dex: 16    Spells: 6/6 levels left

rFire    . . .     SeeInvis .   a - +0 flail
rCold    . . .     Gourm    .   j - +0 large shield
rNeg     . . .     Faith    .   b - +0 scale mail
rPois    .         Spirit   .   (no helmet)
rElec    .         Reflect  .   (no cloak)
rCorr    .         Harm     .   p - +2 pair of gloves
MR       .....                  f - +0 pair of boots
Stlth    +++.......             (no amulet)
HPRegen  0.15/turn              m - ring of stealth
MPRegen  0.10/turn              (no ring)

@: no status effects
A: distributed training, fangs 1, strong nose
a: no special abilities


You were on level 3 of the Dungeon.
You were hungry.

You visited 1 branch of the dungeon, and saw 3 of its levels.

You collected 254 gold pieces.

Inventory:

Hand Weapons
 a - a +0 flail (weapon)
Armour
 b - a +0 scale mail (worn)
 c - a +0 medium shield
 f - a +0 pair of boots (worn)
 j - a +0 large shield (worn)
 p - a +2 pair of gloves (worn)
Jewellery
 m - a ring of stealth (left hand)
Scrolls
 g - a scroll of enchant weapon {unknown}
 h - 2 scrolls of teleportation
 k - a scroll of enchant armour {unknown}
 l - a scroll of identify
Potions
 d - a potion of might
 i - a potion of haste {unknown}
 n - a potion of lignification {unknown}
 o - a potion of brilliance {unknown}
 q - a potion of flight {unknown}
Comestibles
 e - 7 rations {!d}


   Skills:
 + Level 6.6 Fighting
 + Level 1.3 Short Blades
 + Level 1.3 Long Blades
 + Level 1.3 Axes
 + Level 4.7 Maces & Flails
 + Level 1.3 Polearms
 + Level 1.3 Staves
 + Level 1.3 Slings
 + Level 1.3 Bows
 + Level 1.3 Crossbows
 + Level 1.3 Throwing
 + Level 6.6 Armour
 + Level 1.3 Dodging
 + Level 1.3 Stealth
 + Level 6.6 Shields
 + Level 1.3 Unarmed Combat
 + Level 1.3 Spellcasting
 + Level 1.1 Conjurations
 + Level 1.1 Hexes
 + Level 1.1 Charms
 + Level 1.1 Summonings
 + Level 1.1 Necromancy
 + Level 1.1 Translocations
 + Level 1.1 Transmutations
 + Level 1.1 Fire Magic
 + Level 1.1 Ice Magic
 + Level 1.1 Air Magic
 + Level 1.1 Earth Magic
 + Level 1.1 Poison Magic
 + Level 1.5 Invocations
 + Level 1.3 Evocations


You had 6 spell levels left.
You didn't know any spells.
Your spell library was empty.

Dungeon Overview and Level Annotations

Branches:
Dungeon (3/12)

Altars:
Xom


Innate Abilities, Weirdness & Mutations

Your experience applies equally to all skills.
You have very sharp teeth.
Your uncanny sense of smell can sniff out nearby items.


Message History

You kill the orc!
The orc hits you but does no damage.
The orc hits you from afar with a cursed -1 trident.
Things that are here:
a +0 trident; a +0 leather armour You closely miss the orc.
You block the orc's attack.
The orc priest invokes the aid of Beogh against you.
Beogh smites you!
* * * LOW HITPOINT WARNING * * *
You block the orc's attack.
You sock the orc!
You kill the orc!
You sock the orc priest! Your bite misses the orc priest.
The orc priest is severely wounded.
You block the orc priest's attack.
You hit the orc priest. You bite the orc priest.
The orc priest is almost dead.
The orc priest invokes the aid of Beogh against you.
Beogh smites you!
You die...

#.# #.#...........# #.... #.#
#.##.#<###.......# #.... #.#
#........'.......# #...)
#.#######..##.#.......# #..÷.
...........##.#.......#########.#
#.########.##.#.......#.........#
#...#....#.##.#.......#....######
###.#.##.#.##.##)######...^# # #
#.#.##.#.##.##@# #....# # #
#.#.##.#.##.##o# #....# # #
#.#.##.#.##.##>#######)### # #
#.#.##.#..#.##.#...# #.# #
#.#.##.#..# #.#...###†### #
#.........# ..#.....†...# #
#......#########......)..# #
#..........#.............#
###.......##.#.###.........#


You could see an orc priest.

Vanquished Creatures
  A worker ant (D:3)
  A gnoll (D:2)
  2 adders
  2 oozes (D:1)
  2 dart slugs
  10 leopard geckos
  4 orcs
  A giant cockroach (D:1)
  2 goblins (D:1)
  6 hobgoblins
  8 jackals
  5 quokkas
  4 bats
  A frilled lizard (D:2)
  7 kobolds
  A rat (D:2)
57 creatures vanquished.

Vanquished Creatures (others)
  3 toadstools (D:2)
3 creatures vanquished.

Grand Total: 60 creatures vanquished

Notes
Turn   | Place    | Note
-------+----------+-------------------------------------------
     0 | D:1      | Freyura the Gnoll Fighter began the quest for the Orb.
     0 | D:1      | Reached XP level 1. HP: 23/23 MP: 1/1
   119 | D:1      | Reached XP level 2. HP: 29/29 MP: 2/2
   418 | D:1      | Reached XP level 3. HP: 35/35 MP: 3/3
  1014 | D:2      | Reached skill level 1 in Invocations
  1152 | D:2      | Reached skill level 1 in Short Blades
  1152 | D:2      | Reached skill level 1 in Long Blades
  1152 | D:2      | Reached skill level 1 in Axes
  1152 | D:2      | Reached skill level 1 in Polearms
  1152 | D:2      | Reached skill level 1 in Staves
  1152 | D:2      | Reached skill level 1 in Slings
  1152 | D:2      | Reached skill level 1 in Bows
  1152 | D:2      | Reached skill level 1 in Crossbows
  1152 | D:2      | Reached skill level 1 in Throwing
  1152 | D:2      | Reached skill level 1 in Dodging
  1152 | D:2      | Reached skill level 1 in Stealth
  1152 | D:2      | Reached skill level 1 in Unarmed Combat
  1152 | D:2      | Reached skill level 1 in Spellcasting
  1152 | D:2      | Reached skill level 1 in Evocations
  1152 | D:2      | Reached XP level 4. HP: 38/41 MP: 5/5
  1426 | D:2      | Found a shimmering altar of Xom.
  2054 | D:3      | Reached skill level 1 in Conjurations
  2054 | D:3      | Reached skill level 1 in Hexes
  2054 | D:3      | Reached skill level 1 in Charms
  2054 | D:3      | Reached skill level 1 in Summonings
  2054 | D:3      | Reached skill level 1 in Necromancy
  2054 | D:3      | Reached skill level 1 in Translocations
  2054 | D:3      | Reached skill level 1 in Transmutations
  2054 | D:3      | Reached skill level 1 in Fire Magic
  2054 | D:3      | Reached skill level 1 in Ice Magic
  2054 | D:3      | Reached skill level 1 in Air Magic
  2054 | D:3      | Reached skill level 1 in Earth Magic
  2054 | D:3      | Reached skill level 1 in Poison Magic
  2113 | D:3      | Reached XP level 5. HP: 37/47 MP: 6/6
  2169 | D:3      | Killed from afar by an orc priest

Skill      XL: |  1  2  3  4 |
---------------+-------------+-----
Invocations    | 1 |  1.5
Short Blades   | 1 |  1.3
Long Blades    | 1 |  1.3
Axes           | 1 |  1.3
Polearms       | 1 |  1.3
Staves         | 1 |  1.3
Slings         | 1 |  1.3
Bows           | 1 |  1.3
Crossbows      | 1 |  1.3
Throwing       | 1 |  1.3
Dodging        | 1 |  1.3
Stealth        | 1 |  1.3
Unarmed Combat | 1 |  1.3
Spellcasting   | 1 |  1.3
Evocations     | 1 |  1.3
Conjurations   | 1 |  1.1
Hexes          | 1 |  1.1
Charms         | 1 |  1.1
Summonings     | 1 |  1.1
Necromancy     | 1 |  1.1
Translocations | 1 |  1.1
Transmutations | 1 |  1.1
Fire Magic     | 1 |  1.1
Ice Magic      | 1 |  1.1
Air Magic      | 1 |  1.1
Earth Magic    | 1 |  1.1
Poison Magic   | 1 |  1.1
Fighting       | |  6.6
Maces & Flails | |  4.7
Armour         | |  6.6
Shields        | |  6.6

Action                   |  1- 3 |  4- 6 || total
-------------------------+-------+-------++-------
Melee: Flail             |   103 |   107 ||   210
       Bite              |    12 |    19 ||    31
  Use: Scroll            |       |     4 ||     4
 Stab: Sleeping          |       |     2 ||     2
  Eat: Chunk             |     4 |     7 ||    11
Armor: Scale mail        |    50 |    63 ||   113
Dodge: Dodged            |    11 |     4 ||    15
Block: Medium shield     |    26 |       ||    26
       Large shield      |    46 |   109 ||   155
